AoeStats
← Fazzz7z

Arena

508281615Analyzed
2v2 RM · 10d ago on Sep 21, 2026· 22m 20s· 4 players
Game mode
Random Map
Map size
Medium (4 player)
Population
200
Speed
Normal
Resources
Standard
Victory
Conquest
Starting age
Dark Age
Ending age
Imperial Age
RankedLock teamsTeams togetherTeam positionsShared explorationLock speedFull tech treeHidden civsTurbo modeCheats
Victory
Defeat
🇺🇾 Georgians · Uruguay
1427
+18
🇺🇾 Tatars · Uruguay
1405
+20
🇬🇧 Spanish · United Kingdom
1479
-19
🇩🇪 Malians · Germany
1472
-19
Lautreamont
10:19 Feudal Age
14:09 Castle Age
12:29 Gold Mining
12:27 Double-Bit Axe
12:44 Horse Collar
15:49 Loom
15:52 Town Watch
Gral_Artigas
11:14 Feudal Age
15:04 Castle Age
13:30 Double-Bit Axe
13:38 Loom
14:17 Horse Collar
17:17 Fletching
23:17 Wheelbarrow
22:30 Town Watch
Osayi.
12:01 Feudal Age
11:55 Loom
13:01 Double-Bit Axe
15:57 Castle Age
16:59 Bow Saw
16:35 Horse Collar
16:55 Fletching
Fazzz7z
11:49 Feudal Age
16:46 Castle Age
15:14 Double-Bit Axe
15:50 Horse Collar
16:53 Bloodlines
Connection lost

Rejoining the realm…

Still unreachable

The connection could not be restored.

Session expired

The server has moved on; the page needs a fresh start.